 Dungeon Crawl Stone Soup version 0.30-a0-1-g69b7b797bf (webtiles) character file.

Game seed: 10412377276532911756

169061 RepoMan the Brawler (level 17, 182/182 HPs)
             Began as a Troll Earth Elementalist on Aug 18, 2022.
             Was a High Priest of Wu Jian.
             Got out of the dungeon alive.
             The game lasted 03:04:03 (20959 turns).

RepoMan the Brawler (Troll Earth Elementalist)     Turns: 20959, Time: 03:04:04

Health: 182/182    AC: 10    Str: 24    XL:     17   Next: 34%
Magic:  17/17      EV: 17    Int: 13    God:    Wu Jian [*****.]
Gold:   2298       SH:  5    Dex: 10    Spells: 15/18 levels left

rFire   . . .      SeeInvis .      - Unarmed
rCold   . . .      Faith    .    (no shield)
rNeg    . . .      Spirit   .    i - +2 troll leather armour
rPois   +          Reflect  +    (helmet restricted)
rElec   .          Harm     .    d - +1 cloak
rCorr   .          Rampage  .    (gloves unavailable)
Will    +....                    (boots unavailable)
Stlth   +.........               X - amulet of reflection
HPRegen 2.00/turn                e - ring of poison resistance
MPRegen 0.15/turn                q - +4 ring of evasion

@: no status effects
A: large, unfitting armour, claws 3, regeneration 1, shaggy fur 1, tough skin 1
a: Renounce Religion, Wall Jump, Serpent's Lash, Heavenly Storm


You escaped.
You worshipped Wu Jian.
Wu Jian was extremely pleased with you.
You visited 5 branches of the dungeon, and saw 25 of its levels.
You visited the Abyss 1 time.
You also visited: Ossuary.

You collected 2321 gold pieces.
You spent 23 gold pieces at shops.

Inventory:

Missiles
 x - 31 large rocks
 N - 31 poisoned darts
 P - 15 boomerangs
Armour
 d - a +1 cloak (worn)
 i - a +2 troll leather armour (worn)
 z - +0 fire dragon scales
 M - +0 acid dragon scales
 U - a +2 robe of fire resistance
Jewellery
 a - a ring of flight
 e - a ring of poison resistance (left claw)
 q - a +4 ring of evasion (right claw)
 y - a ring of protection from fire
 B - an amulet of regeneration
 F - the ring of Poits {Fire SInv}
   (You found it on level 14 of the Dungeon)

   [ring of fire]

   It enhances your fire magic.
   rF:        It protects you from fire.
   rC:        It makes you vulnerable to cold.
   SInv:      It lets you see invisible.
 I - the ring "Disia" {rElec Int+6 Stlth+}
   (You found it on level 5 of the Lair of Beasts)

   [ring of intelligence]

   Int:       It affects your intelligence (+6).
   rElec:     It insulates you from electricity.
   Stlth:     It makes you more stealthy.
 T - a ring of ice
 X - an amulet of reflection (around neck)
Wands
 f - a wand of flame (17)
 C - a wand of paralysis (4)
 E - a wand of quicksilver (7)
 H - a wand of digging (11)
 R - a wand of roots (5)
 S - a wand of polymorph (3)
 Y - a wand of mindburst (2)
Scrolls
 c - 2 scrolls of silence
 j - 2 scrolls of blinking
 k - 5 scrolls of amnesia
 l - 3 scrolls of poison
 p - 3 scrolls of butterflies
 r - a scroll of torment
 t - 6 scrolls of magic mapping
 u - 7 scrolls of teleportation
 w - a scroll of summoning
 G - 3 scrolls of immolation
Potions
 b - 4 potions of magic
 g - 13 potions of flight
 h - a potion of ambrosia
 m - 3 potions of brilliance
 n - 8 potions of curing
 o - 4 potions of cancellation
 s - 2 potions of heal wounds
 A - 4 potions of resistance
 D - 4 potions of attraction
 J - 2 potions of might
 K - 3 potions of haste
 W - 2 potions of mutation
Miscellaneous
 Q - a phial of floods


   Skills:
 * Level 14.4 Fighting
 * Level 11.4 Dodging
 - Level 1.0 Stealth
 + Level 20.5 Unarmed Combat
 - Level 1.2 Spellcasting
 - Level 3.3 Transmutations
 - Level 4.4 Earth Magic


You had 15 spell levels left.
You knew the following spells:

 Your Spells              Type           Power      Damage    Failure   Level
s - Sandblast             Erth           24%        2d8       5%          1
w - Passwall              Tmut/Erth      8%         N/A       10%         2

Your spell library contained the following spells:

 Spells                   Type           Power      Damage    Failure   Level
 Foxfire                  Conj/Fire      0%         2x1d4     32%         1
 Stone Arrow              Conj/Erth      12%        3d7       36%         3
 Blink                    Tloc           0%         N/A       43%         2
 Ensorcelled Hibernation  Hex/Ice        0%         N/A       43%         2
 Poisonous Vapours        Pois/Air       0%         N/A       43%         2
 Spider Form              Tmut/Pois      5%         N/A       43%         3
 Petrify                  Tmut/Erth      10%        N/A       54%         4
 Call Canine Familiar     Summ           0%         N/A       67%         3
 Conjure Flame            Conj/Fire      0%         6-21      67%         3
 Inner Flame              Hex/Fire       0%         N/A       67%         3
 Portal Projectile        Hex/Tloc       0%         N/A       67%         3
 Animate Armour           Summ/Erth      12%        N/A       77%         4
 Leda's Liquefaction      Hex/Erth       3%         N/A       77%         4
 Lee's Rapid Deconstruct  Erth           6%         3d7*      82%         5
 Anguish                  Hex/Necr       0%         N/A       97%         4
 Corpse Rot               Necr/Pois/Air  0%         N/A       97%         4
 Flame Wave               Conj/Fire      0%         2d4       97%         4
 Fulminant Prism          Conj/Hex       0%         3d6       97%         4
 Iskenderun's Mystic Bla  Conj/Tloc      0%         2d3       97%         4
 Passage of Golubria      Tloc           0%         N/A       97%         4
 Summon Ice Beast         Ice/Summ       0%         N/A       97%         4
 Iskenderun's Battlesphe  Conj           0%         2d6       100%        5
 Silence                  Hex/Air        0%         N/A       100%        5
 Summon Mana Viper        Hex/Summ       0%         N/A       100%        5
 Iron Shot                Conj/Erth      3%         9d2       100%        6
 Simulacrum               Ice/Necr       0%         N/A       100%        6
 Monstrous Menagerie      Summ           0%         N/A       100%        7
 Spellforged Servitor     Conj/Summ      0%         N/A       100%        7
 Lehudib's Crystal Spear  Conj/Erth      3%         10d2      100%        8


Dungeon Overview and Level Annotations

Branches:
Dungeon (15/15)            Temple (1/1) D:6            Lair (5/5) D:11
  Swamp (0/4) Lair:3       Spider (2/4) Lair:2        Slime (0/5) Lair:4
    Orc (2/2) D:9             Elf (0/3) Orc:2        Vaults (0/5) D:13
 Depths (0/4) D:15        Ossuary (visited)

Altars:
Gozag
Hepliaklqana
Kikubaaqudgha
Makhleb
Nemelex Xobeh
Okawaru
Qazlal
Ru
Sif Muna
Uskayaw
Vehumet
Wu Jian
Xom
Yredelemnul
Zin
Jiyva

Shops:
Orc:2 ([*(:

Annotations:
D:2 1 runed translucent door, Crazy Yiuf
D:3 Grinder
D:6 2 runed translucent doors, exclusion: downstairs, jur's ghost, novice DjGl
Lair:1 3 runed translucent doors, Gomnat's ghost, journeyman HuCj
Spider:2 Jorgrun


Innate Abilities, Weirdness & Mutations

You are too large for most types of armour.
You have claws for hands.
Your natural rate of healing is unusually fast.
You are covered in fur. (AC +1)
You have tough skin. (AC +1)


Message History

There is a stone staircase leading up here.
You climb upwards.
Level annotation: Grinder
There is a stone staircase leading down here.
There is a stone staircase leading up here.
You climb upwards.
Level annotation: 1 runed translucent door, Crazy Yiuf, Terence
There is a stone staircase leading down here.
You see here a bat skeleton.
There is an escape hatch in the floor here.
Terence zaps a wand.
The roots erupt in riotous growth!
The grasping roots grab you! The grasping roots constrict you.
The roots grasp on you weakens, but your attempt to escape fails.
The grasping roots constrict you.
You escape the roots grasp.
Terence zaps a wand.
The roots erupt in riotous growth!
The grasping roots grab you! The grasping roots constrict you.
The roots grasp on you weakens, but your attempt to escape fails.
The grasping roots constrict you.
You escape the roots grasp.
You lunge at Terence, in a flurry of attacks.
You barely miss Terence. You mangle Terence!!
You kill Terence!
The Council accepts your kill.
(D) Dungeon (T) Temple (L) Lair (S) Swamp (N) Spider Nest (M) Slime Pits (O) Orcish Mines (E) Elven Halls (V) Vaults (U) Depths
Where to? (Enter - D:1 @ (x,y), ? - help)
R - a wand of roots (5) (gained 3 charges)
Things that are here:
a +2 chain mail of cold resistance; a +0 falchion
There is a faded altar of an unknown god here.
There is a stone staircase leading up here.
You climb upwards.
There is a stone staircase leading down here.
There is a staircase leading out of the dungeon here.
Are you sure you want to leave the Dungeon?
This will make you lose the game!
You have escaped!

.........#..##############.#
# #####....#..##.....# #.# #
#######....##.###.# #†# #
#...........#.# #.# #.######
#.#....##.#)#.# #.# #.......
##.#.......#.#.###.#
########
.#.#.#######.#.#...#
.....#######.#.....#
>..#.........#.#@#.#
.#.###########.###.#
.#...............#.#
.#############.#.#.# .#
#.#.#.# .# #.#.#.#
.#############.#.#.#
...............#...#
####################


There were no monsters in sight!

Vanquished Creatures
  Gastronok (Orc:1)
  Kirke (D:15)
  An emperor scorpion (Lair:2)
  A juggernaut zombie (D:15)
  A ghost moth (Spider:1)
  Aizul (Spider:1)
  2 broodmothers
  An entropy weaver (Spider:1)
  Snorg (Lair:5)
  A fire dragon (D:14)
  7 hydras
  5 boulder beetles
  Josephine (D:15)
  A rakshasa (D:14)
  A jorogumo (Spider:1)
  4 centaur warriors (D:14)
  Erica (D:10)
  2 catoblepae
  2 vault guards (D:13)
  A merfolk avatar (Lair:5)
  9 death yaks
  4 two-headed ogres
  2 tengu warriors (D:14)
  A titan zombie (D:15)
  2 pharaoh ants
  3 skeletal warriors
  An orb spider (Spider:1)
  2 flayed ghosts
  3 wizards
  2 harpies (Lair:5)
  2 deep elf pyromancers (D:14)
  3 necromancers
  4 orc knights
  18 ugly things
  10 orc sorcerers (Orc:2)
  5 cyclopes
  5 wolf spiders
  5 manticores
  A moth of wrath (Spider:1)
  4 black mambas
  15 elephants
  3 torpor snails
  A gargoyle (D:11)
  Maurice (Orc:1)
  8 cane toads
  2 kobold demonologists (D:12)
  8 komodo dragons
  A demonic crawler (Spider:1)
  An unseen horror (D:10)
  A tengu conjurer (D:15)
  Maggie (D:8)
  3 rime drakes
  4 trolls
  A meliai (Lair:2)
  A polar bear (shapeshifter) (D:14)
  2 polar bears (Lair:2)
  3 tarantellas
  3 wind drakes (Lair:5)
  2 blink frogs (shapeshifter)
  A hornet (D:8)
  10 slime creatures
  6 dream sheep (Lair:5)
  17 blink frogs
  18 jumping spiders
  10 culicivoras
  A jumping spider (shapeshifter) (D:14)
  A centaur simulacrum (D:14)
  2 shadows
  A vampire (D:12)
  5 basilisks
  19 humans (D:13)
  84 yaks
  4 wyverns
  2 hogs (D:15)
  5 wraiths
  Grum (D:8)
  21 redbacks
  8 vampire mosquitoes
  4 steam dragons
  Edmund (D:5)
  A glowing shapeshifter zombie (D:15)
  8 wargs
  A swamp worm (Lair:3)
  17 water moccasins
  Menkaure (D:5)
  An ice beast (D:6)
  19 orc warriors
  5 black bears
  A floating eye zombie (D:15)
  A sky beast (D:6)
  8 ogres
  13 wolves
  4 centaurs
  A phantom (D:6)
  A kobold brigand (D:8)
  15 bullfrogs
  Blork the orc (D:5)
  3 necrophages (D:6)
  3 scorpions
  7 wights
  13 killer bees
  A crimson imp (D:9)
  12 jellies (Lair:4)
  5 hounds
  A gnoll bouda (D:8)
  14 orc priests
  7 iguanas
  Ijyb (D:3)
  Terence (D:2)
  42 orc wizards
  11 gnolls
  10 adders
  4 white imps
  2 adder zombies (Ossuary)
  A worm (D:4)
  2 dart slugs
  94 orcs
  5 ball pythons
  8 endoplasms
  4 giant cockroaches
  18 goblins
  8 hobgoblins
  8 jackals
  2 quokkas
  3 ball python skeletons (Ossuary)
  8 bats
  6 frilled lizards
  2 hobgoblin skeletons (Ossuary)
  12 kobolds
  A kobold zombie (Ossuary)
  2 orc zombies (Ossuary)
  3 rats
826 creatures vanquished.

Vanquished Creatures (others)
  A broodmother (Lair:2)
  5 humans (D:15)
  An orc wizard (Orc:2)
  An orc (D:15)
  19 fungi
  51 plants
  5 withered plants (D:15)
83 creatures vanquished.

Grand Total: 909 creatures vanquished

Notes
Turn   | Place    | Note
-------+----------+-------------------------------------------
     0 | D:1      | RepoMan the Troll Earth Elementalist began the quest for
                  | the Orb.
     0 | D:1      | Reached XP level 1. HP: 16/16 MP: 1/1
   110 | D:1      | Reached XP level 2. HP: 24/24 MP: 0/2
   113 | D:1      | Learned a level 2 spell: Passwall
   138 | D:1      | Reached skill level 1 in Unarmed Combat
   329 | D:1      | Reached skill level 1 in Transmutations
   615 | D:1      | Reached XP level 3. HP: 32/32 MP: 1/3
  1120 | D:2      | Found a faded altar of an unknown god.
  1150 | D:2      | Reached skill level 1 in Fighting
  1150 | D:2      | Reached skill level 2 in Unarmed Combat
  1202 | D:2      | Found a runed translucent door.
  1203 | D:2      | Noticed Crazy Yiuf
  1229 | D:2      | Noticed Terence
  1268 | D:3      | Reached XP level 4. HP: 33/41 MP: 4/4
  1691 | D:3      | Noticed Grinder
  1795 | D:3      | Noticed Ijyb
  1809 | D:3      | Killed Ijyb
  1810 | D:3      | Reached XP level 5. HP: 31/48 MP: 2/5
  2115 | D:4      | Noticed a black bear
  2149 | D:4      | Reached skill level 3 in Unarmed Combat
  2360 | D:5      | Entered Level 5 of the Dungeon
  2386 | D:5      | Reached XP level 6. HP: 39/57 MP: 4/6
  2676 | D:4      | Reached skill level 4 in Unarmed Combat
  2876 | D:4      | Reached XP level 7. HP: 64/66 MP: 7/7
  3088 | D:5      | Reached skill level 5 in Unarmed Combat
  3147 | D:5      | Noticed Blork the orc
  3155 | D:5      | Killed Blork the orc
  3204 | D:5      | Noticed Menkaure
  3214 | D:5      | Killed Menkaure
  3225 | D:5      | Found a radiant altar of Vehumet.
  3225 | D:5      | Noticed Edmund
  3463 | D:5      | Reached XP level 8. HP: 75/75 MP: 8/8
  3869 | D:5      | Found a glowing silver altar of Zin.
  3893 | D:5      | Killed Edmund
  3894 | D:5      | Reached skill level 6 in Unarmed Combat
  4017 | D:6      | Found a runed translucent door.
  4058 | D:6      | Noticed jur's ghost (novice DjGl)
  4075 | D:6      | Found a runed translucent door.
  4083 | D:6      | Reached skill level 7 in Unarmed Combat
  4325 | D:6      | Reached skill level 8 in Unarmed Combat
  4497 | D:6      | Reached XP level 9. HP: 85/85 MP: 6/9
  4523 | D:6      | Found a staircase to the Ecumenical Temple.
  4528 | Temple   | Entered the Ecumenical Temple
  4709 | Temple   | Became a worshipper of the Wu Jian Council
  5025 | D:7      | Reached skill level 5 in Fighting
  5064 | D:7      | Found a sand-covered staircase.
  5070 | Ossuary  | Entered an ossuary
  5197 | Ossuary  | Reached skill level 9 in Unarmed Combat
  5513 | D:7      | Reached * piety under Wu Jian
  6012 | D:8      | Noticed Maggie
  6023 | D:8      | Killed Maggie
  6024 | D:8      | Reached skill level 10 in Unarmed Combat
  6089 | D:8      | Reached XP level 10. HP: 98/98 MP: 10/10
  6505 | D:8      | Noticed Grum
  6532 | D:8      | Killed Grum
  6860 | D:9      | Found a staircase to the Orcish Mines.
  6904 | D:9      | Reached ** piety under Wu Jian
  6905 | D:9      | Reached skill level 11 in Unarmed Combat
  7275 | D:9      | Reached skill level 5 in Dodging
  7737 | D:10     | Entered Level 10 of the Dungeon
  7774 | D:10     | Reached skill level 12 in Unarmed Combat
  7774 | D:10     | Reached XP level 11. HP: 88/109 MP: 11/11
  7794 | D:10     | Noticed a two-headed ogre
  7802 | D:10     | Noticed Erica
  7807 | D:10     | Killed Erica
  7818 | D:10     | Killed a two-headed ogre
  8021 | D:10     | Reached *** piety under Wu Jian
  8749 | D:11     | Noticed a red ugly thing
  8754 | D:11     | Killed a red ugly thing
  8890 | D:11     | Reached skill level 13 in Unarmed Combat
  8908 | D:11     | Noticed a two-headed ogre
  8911 | D:11     | Killed a two-headed ogre
  9130 | D:11     | Found a staircase to the Lair.
  9172 | D:11     | Noticed a five-headed hydra
  9183 | D:11     | Killed a five-headed hydra
  9483 | D:11     | Noticed a boulder beetle
  9499 | D:11     | Killed a boulder beetle
  9500 | D:11     | Reached XP level 12. HP: 109/120 MP: 12/12
  9654 | Lair:1   | Entered Level 1 of the Lair of Beasts
  9816 | Lair:1   | Reached skill level 14 in Unarmed Combat
  9887 | Lair:1   | Reached **** piety under Wu Jian
  9944 | Lair:1   | Found a runed translucent gate.
  9950 | Lair:1   | Found a runed translucent gate.
  9952 | Lair:1   | Found a runed translucent gate.
  9953 | Lair:1   | Noticed Gomnat's ghost (journeyman HuCj)
 10512 | Lair:2   | Reached skill level 15 in Unarmed Combat
 10539 | Lair:2   | Found a hole to the Spider Nest.
 10778 | Lair:2   | Reached ***** piety under Wu Jian
 11152 | Lair:3   | Noticed a seven-headed hydra
 11165 | Lair:3   | Killed a 12-headed hydra
 11238 | Lair:3   | Reached XP level 13. HP: 131/131 MP: 13/13
 11490 | Lair:3   | Found a staircase to the Swamp.
 11947 | Lair:4   | Reached skill level 16 in Unarmed Combat
 12365 | Lair:4   | Found a viscous altar of Jiyva.
 12382 | Lair:4   | Reached skill level 10 in Fighting
 12390 | Lair:4   | Found a staircase to the Slime Pits.
 12914 | Lair:5   | Entered Level 5 of the Lair of Beasts
 13173 | Lair:5   | Reached skill level 17 in Unarmed Combat
 13298 | Lair:5   | Reached XP level 14. HP: 143/144 MP: 14/14
 13425 | Lair:5   | Noticed Snorg
 13446 | Lair:5   | Killed Snorg
 13715 | Lair:5   | Reached skill level 18 in Unarmed Combat
 13800 | Lair:5   | Identified the ring "Disia" {rElec Int+6 Stlth+}
 14313 | Orc:1    | Entered Level 1 of the Orcish Mines
 14416 | Orc:2    | Entered Level 2 of the Orcish Mines
 14416 | Orc:2    | Found Memahy's Assorted Antiques.
 14420 | Orc:2    | Bought a brown potion for 23 gold pieces
 14485 | Orc:2    | Paralysed by an orc sorcerer for 5 turns
 14531 | Orc:1    | Noticed Maurice
 14538 | Orc:1    | Reached ****** piety under Wu Jian
 14615 | Orc:1    | Killed Maurice
 14762 | Orc:1    | Noticed Gastronok
 14769 | Orc:1    | Killed Gastronok
 14863 | Orc:2    | Found a burning altar of Makhleb.
 14873 | Orc:2    | Found a staircase to the Elven Halls.
 14965 | Orc:2    | Found Xuhyixi's Antique Weapon Boutique.
 15026 | Orc:2    | Found Deusaliu's Armour Emporium.
 15197 | Orc:2    | Found Sosogg's Weapon Boutique.
 15197 | Orc:2    | Found Puant's Book Emporium.
 15416 | Orc:2    | Paralysed by an orc sorcerer for 3 turns
 15533 | Orc:2    | Found a shimmering blue altar of Sif Muna.
 15802 | D:12     | Reached skill level 19 in Unarmed Combat
 16472 | D:12     | Reached XP level 15. HP: 156/156 MP: 15/15
 16740 | D:13     | Noticed Nessos
 16741 | D:13     | Noticed Nessos
 16741 | D:13     | Nessos changed into Nessos the elephant
 16748 | D:13     | Killed Nessos the elephant
 16824 | D:13     | Identified the +4 flail "Foirom" {freeze, Fly MP+9 Int+8
                  | Stlth-}
 17109 | D:13     | Found a gate to the Vaults.
 17808 | D:14     | Got the Textbook on Congelation and the Map
 17880 | D:14     | Identified the ring of Poits {Fire SInv}
 18377 | D:15     | Entered Level 15 of the Dungeon
 18377 | D:15     | Noticed Josephine
 18407 | D:15     | Killed Josephine
 18440 | D:15     | Found a staircase to the Depths.
 18477 | Abyss:3  | Cast into level 3 of the Abyss (a wizard)
 18500 | D:14     | Escaped the Abyss
 18541 | D:15     | Reached skill level 10 in Dodging
 18570 | D:15     | Noticed Kirke
 18575 | D:15     | Reached skill level 20 in Unarmed Combat
 18581 | D:15     | Killed Kirke
 19454 | Spider:1 | Entered Level 1 of the Spider Nest
 19456 | Spider:1 | Noticed Aizul
 19462 | Spider:1 | Reached XP level 16. HP: 151/170 MP: 0/16
 19481 | Spider:1 | Killed Aizul
 19824 | Lair:2   | Reached XP level 17. HP: 104/180 MP: 17/17
 20560 | Spider:2 | Noticed Jorgrun
 20677 | Spider:2 | Upgraded the game from 0.29-a0-1061-gbc57f8fbdb to
                  | 0.30-a0-1-g69b7b797bf
 20929 | D:2      | Killed Terence
 20959 | D:$      | Got out of the dungeon alive.

Illustrated notes

Levels and vault maps discovered:
D:1:      saegor_arrival_simple_a, layout_basic, minmay_cupped
D:2:      layout_loops_ring, nicolae_ecumenical_pavilion,
          uniq_crazy_yiuf_cottage, uniq_jessica, uniq_terence
D:3:      minmay_chambers_of_threes, layout_loops_ring, dk_vineyard_2,
          uniq_grinder, uniq_ijyb
D:4:      layout_cave_pools, minmay_ogre_servants
D:5:      layout_loops_ring, gammafunk_temple_overflow_pools, serial_bayou,
          serial_bayou_ford_a, serial_bayou_pond_b, serial_bayou_pond_c,
          serial_bayou_shore_b, serial_bayou_lake_a, corner_web_ring,
          minmay_misc_feat_four_crosses, uniq_edmund, uniq_menkaure,
          uniq_blork_the_orc
D:6:      layout_cave_pools, minmay_temple_entry_gardened_gates,
          ebering_ghost_sewer_f, chequers_serial_rivers_micro_b,
          kennysheep_pointless_box, hangedman_decor_riveting, bh_walls_and_bars
D:7:      layout_cave_pools, nicolae_ossuary_entry_plus,
          minmay_misc_feat_pillars
D:8:      layout_gridville, minmay_statues_item, uniq_maggie, uniq_grum
D:9:      layout_roguey, david_orc_1_choice, minmay_fire_ice_demons
D:10:     layout_basic, serial_glass, glass_columns_b, glass_columns_c,
          uniq_erica
D:11:     layout_cave_pods, lair_entry_dummy
D:12:     layout_grid_maze
D:13:     layout_long_grid, grunt_vaults_entry_tiered, uniq_nessos
D:14:     layout_small_grid, minmay_misc_feat_roman, st_stairs_6, minivault_21,
          minmay_hollow_rounded_squares
D:15:     gammafunk_depths_entry_grave, layout_rooms, hangedman_decor_push,
          serial_aquarium, aquarium_bridge_island_small
          [aquarium_subvault_small_water, aquarium_subvault_bridge,
          aquarium_subvault_wall, aquarium_subvault_window,
          aquarium_subvault_bridge], aquarium_window_1,
          aquarium_window_corridor_1, aquarium_window_fake, aquarium_window_1,
          aquarium_view_2b, aquarium_balcony_1a, uniq_kirke, uniq_josephine
Temple:   mainiacjoe_temple_cubbyholes
Lair:1:   layout_loops_ring, gammafunk_ghost_split
Lair:2:   layout_misc_corridors, hellmonk_spider_entry_not_the_bees
Lair:3:   layout_chaotic_city, palyth_hydra_swamp_entry
Lair:4:   layout_small_grid, minmay_slime_entry_jelly_boxes,
          nicolae_quartered_pool_impasse
Lair:5:   gammafunk_lair_ancient_temple, layout_regular_city, uniq_snorg
Spider:1: layout_spider_delve, uniq_aizul
Spider:2: layout_spider_delve, uniq_arachne, uniq_jorgrun, uniq_nikola,
          uniq_asterion
Orc:1:    layout_diamond_mine, uniq_gastronok, uniq_maurice
Orc:2:    st_orc_town, layout_caves, serial_shops, shop, basic_altar,
          kennysheep_orc_sif_temple

Skill      XL: |  1  2  3  4  5  6  7  8  9 10 11 12 13 14 15 16 |
---------------+-------------------------------------------------+-----
Unarmed Combat | 1 2 3 4 5 8 10 12 13 15 17 19 20 | 20.5
Transmutations | 1 2 3 |  3.3
Earth Magic    | 3 4 |  4.4
Fighting       | 1 2 3 4 5 7 8 9 10 11 13 14 | 14.4
Dodging        | 3 5 6 8 9 10 11 | 11.4
Stealth        | |  1.0
Spellcasting   | |  1.2

Action                   |  1- 3 |  4- 6 |  7- 9 | 10-12 | 13-15 | 16-18 || total
-------------------------+-------+-------+-------+-------+-------+-------++-------
Melee: Unarmed           |    76 |   167 |   236 |   621 |  1286 |   203 ||  2589
       Punch             |     2 |     6 |    12 |    53 |   127 |    23 ||   223
Throw: Dart              |     2 |       |     8 |    11 |    18 |     1 ||    40
       Stone             |     1 |     1 |       |       |       |       ||     2
       Large rock        |       |       |    35 |    22 |    27 |     2 ||    86
       Boomerang         |       |       |       |     1 |     1 |       ||     2
 Cast: Sandblast         |    35 |    42 |    34 |     7 |     2 |       ||   120
       Passwall          |       |       |       |     1 |     7 |       ||     8
Invok: Lunge             |       |       |    13 |    61 |   156 |    21 ||   251
       Whirlwind         |       |       |     1 |    55 |   270 |    71 ||   397
       Serpent's Lash    |       |       |       |     1 |    10 |     3 ||    14
       Heavenly Storm    |       |       |       |       |     2 |     1 ||     3
 Abil: Wall Jump         |       |       |       |     2 |    16 |       ||    18
Evoke: Wand              |       |       |    27 |    17 |    27 |     2 ||    73
       Phial of floods   |       |       |       |     1 |     1 |     1 ||     3
  Use: Potion            |       |     1 |     1 |     1 |     4 |    10 ||    17
       Scroll            |       |       |     9 |    13 |    17 |    11 ||    50
 Stab: Sleeping          |       |     1 |     5 |     2 |       |     1 ||     9
       Paralysed         |       |       |       |     9 |     9 |       ||    18
       Fleeing           |       |       |       |       |       |     1 ||     1
       Invisible         |       |       |       |       |       |     1 ||     1
Armor: Robe              |    36 |    56 |    17 |       |       |       ||   109
       Skin              |       |    11 |     2 |     7 |       |       ||    20
       Troll leather arm |       |       |       |    71 |   165 |    60 ||   296
       Acid dragon scale |       |       |       |    16 |       |       ||    16
Dodge: Dodged            |    24 |    93 |    98 |   288 |   435 |   153 ||  1091
Block: Other             |       |       |       |       |       |    27 ||    27

Table legend: (Time is in decaauts)
 A = Elapsed time spent in this place.
 B = Non-inter-level travel time spent in this place.
 C = Inter-level travel time spent in this place.
 D = Time resting spent in this place.
 E = Time spent auto-exploring this place.
 F = Levels seen in this place.
 G = Mean time per level.
                   A        B        C        D        E       F      G
               +--------+--------+--------+--------+--------+-----+--------+
         Total |  20904 |  19579 |   1325 |   1056 |  10570 |  27 |  774.2 |
       Dungeon |  13230 |  12459 |    771 |    584 |   7435 |  15 |  882.0 |
        Temple |    205 |    182 |     23 |      0 |    174 |   1 |  205.0 |
          Lair |   5143 |   4760 |    383 |    335 |   2357 |   5 | 1028.6 |
   Spider Nest |    728 |    672 |     56 |     82 |    287 |   2 |  364.0 |
  Orcish Mines |   1270 |   1179 |     91 |     23 |    315 |   2 |  635.0 |
         Abyss |     23 |     23 |      0 |      0 |      0 |   1 |   23.0 |
       Ossuary |    302 |    302 |      0 |     30 |      0 |   1 |  302.0 |
               +--------+--------+--------+--------+--------+-----+--------+

Top non-repeatable levels by time:
  Lair:5: 1211 daAuts
  Lair:2: 1168 daAuts
     D:1: 1153 daAuts
     D:5: 1149 daAuts
  Lair:4: 1053 daAuts
    D:14: 1045 daAuts
    D:10: 1029 daAuts
    D:11: 1005 daAuts
     D:8: 989 daAuts
     D:9: 977 daAuts
    D:12: 957 daAuts
     D:6: 862 daAuts
    D:13: 858 daAuts
     D:4: 857 daAuts
  Lair:3: 857 daAuts
